 Dungeon Crawl Stone Soup version 0.21-a0-513-gdcb3f5e (webtiles) character file.

6147 Gwenloh the Ogre Mage (level 10, 0/98 HPs)
             Began as an Ogre Warper on Dec 1, 2017.
             Was a Believer of Qazlal.
             Slain by a killer bee (3 damage)
             ... on level 7 of the Dungeon.
             The game lasted 00:54:51 (12653 turns).

Gwenloh the Ogre Mage (Ogre Warper)                Turns: 12653, Time: 00:54:52

Health: 0/98       AC:  6    Str: 20    XL:     10   Next: 90%
Magic:  21/21      EV: 10    Int: 14    God:    Qazlal [**....]
Gold:   329        SH:  3    Dex:  8    Spells: 17/24 levels left

rFire    + . .     SeeInvis .   k - +4 dire flail (venom)
rCold    x . .     Gourm    .   (shield currently unavailable)
rNeg     . . .     Faith    .   b - +0 robe
rPois    .         Spirit   .   (helmet restricted)
rElec    .         Reflect  .   (no cloak)
rCorr    .         Harm     .   (gloves unavailable)
MR       +....                  (boots unavailable)
Stlth    +.........             (no amulet)
HPRegen  0.26/turn              s - +3 ring of protection
MPRegen  0.17/turn              y - ring of fire

@: no status effects
A: large, unfitting armour, tough skin 1
a: Upheaval, Renounce Religion


You were on level 7 of the Dungeon.
You worshipped Qazlal.
Qazlal was pleased with you.
You were very hungry.

You visited 1 branch of the dungeon, and saw 8 of its levels.

You collected 329 gold pieces.

Inventory:

Hand Weapons
 a - a +0 giant spiked club
 k - a +4 dire flail of venom (weapon)
 o - a +0 whip of venom
 K - a cursed +0 short sword
 M - a +0 giant club
Missiles
 e - a tomahawk of dispersal
 g - 317 stones
 h - 129 arrows
 l - 109 bolts
 t - 8 curare-tipped needles
 P - 11 poisoned needles
 R - a large rock (quivered)
 S - 4 needles of confusion
Armour
 b - a +0 robe (worn)
 u - a +0 helmet
Jewellery
 s - a +3 ring of protection (left hand)
 x - an uncursed ring of magical power
 y - a ring of fire (right hand)
 O - an uncursed amulet of regeneration {unknown}
Wands
 H - a wand of flame (17)
 L - a wand of iceblast (9)
Scrolls
 d - 2 scrolls of blinking
 i - 5 scrolls of teleportation
 m - 9 scrolls of identify
 n - 2 scrolls of enchant weapon {unknown}
 w - 2 scrolls of remove curse
 E - 3 scrolls of amnesia {unknown}
 J - a scroll of vulnerability {unknown}
 N - 3 scrolls of immolation {unknown}
 T - a scroll of enchant armour {unknown}
 V - a scroll of random uselessness {unknown}
Potions
 j - 3 potions of haste
 p - 2 potions of brilliance {unknown}
 q - a potion of curing
 r - a potion of ambrosia {unknown}
 v - a potion of might {unknown}
 C - 2 potions of lignification {unknown}
 D - 2 potions of agility {unknown}
 F - 5 potions of flight {unknown}
 G - 2 potions of mutation {unknown}
 I - a potion of berserk rage {unknown}
 Q - 2 potions of degeneration {unknown}
Books
 c - a book of Spatial Translocations

   Spells                             Type                      Level
   a - Blink                          Translocation                2
   b - Shroud of Golubria             Charms/Translocation         2
   c - Lesser Beckoning               Translocation                3
   d - Gell's Gravitas                Translocation                3
   e - Teleport Other                 Translocation                3
   f - Passage of Golubria            Translocation                4
 A - a book of Maledictions

   Spells                             Type                      Level
   a - Corona                         Hexes                        1
   b - Ensorcelled Hibernation        Hexes/Ice                    2
   c - Confuse                        Hexes                        3
   d - Tukima's Dance                 Hexes                        3
   e - Dazzling Spray                 Conjuration/Hexes            3
 B - a book of Alchemy

   Spells                             Type                      Level
   a - Sublimation of Blood           Necromancy                   2
   b - Ignite Poison                  Fire/Transmutation/Poison    3
   c - Petrify                        Transmutation/Earth          4
   d - Alistair's Intoxication        Transmutation/Poison         5
   e - Irradiate                      Conjuration/Transmutation    5
Comestibles
 f - 5 bread rations
 z - 3 meat rations
 U - 4 royal jellies


   Skills:
 - Level 5.8 Fighting
 + Level 6.9 Maces & Flails
 + Level 7.4 Throwing
 - Level 2.1 Dodging
 + Level 7.9 Spellcasting
 - Level 3.4 Charms
 + Level 7.0 Translocations
 + Level 4.7 Invocations


You had 17 spell levels left.
You knew the following spells:

 Your Spells              Type           Power        Failure   Level  Hunger
a - Blink                 Tloc           N/A          1%          2    None
b - Shroud of Golubria    Chrm/Tloc      ###.......   2%          2    None
c - Gell's Gravitas       Tloc           ####......   1%          3    ##.....


Dungeon Overview and Level Annotations

Branches:
Dungeon (8/15)             Temple (0/1) D:7
   Lair: D:8-11

Altars:
Kikubaaqudgha
Qazlal
Ru
The Shining One


Innate Abilities, Weirdness & Mutations

You are too large for most types of armour.
You have tough skin. (AC +1)


Message History

The killer bee is engulfed in blazing flames.
The killer bee stings you but does no damage.
You climb upwards.
There is a stone staircase leading down here.
You barely miss the killer bee.
The killer bee is heavily wounded.
The killer bee stings you but does no damage.
The killer bee completely misses you. The killer bee closely misses you.
You block the killer bee's attack.
You miss the killer bee.
The killer bee is heavily wounded.
The killer bee closely misses you. The killer bee barely misses you.
The killer bee stings you but does no damage.
The killer bee barely misses you.
You barely miss the killer bee.
The killer bee is heavily wounded.
The killer bee stings you.
* * * LOW HITPOINT WARNING * * *
The killer bee stings you.
You die...

#####.##...####.#.#.#
#### #..#...# #.#.#.#
#..#...# #.#.#.#
#..#...# #.#.#.######
##.#...# #.#.#.#.....
#.#...# #.#.#.#.####
#.#...####.#.#.#.#
#.#ยง...........#.#
#(#y@..#########.#
#....y...........#
##################


You could see 2 killer bees.

Vanquished Creatures
  A two-headed ogre (D:6)
  Erica (D:8)
  The ghost of torrenera the Cleaver, a novice DsFi (D:5)
  Grinder (D:5)
  A human (D:7)
  A hungry ghost (D:8)
  4 hogs (D:7)
  Edmund (D:4)
  A water moccasin (D:7)
  An orc warrior (D:8)
  An ice beast (D:7)
  A sky beast (D:7)
  3 ogres
  3 centaurs (D:8)
  A big kobold (D:8)
  Blork the orc (D:5)
  A gnoll sergeant (D:7)
  5 bullfrogs
  2 jellies (D:7)
  A wyvern skeleton (D:8)
  3 scorpions
  4 killer bees (D:8)
  6 wights (D:7)
  2 howler monkeys (D:6)
  2 crimson imps
  2 bullfrog zombies (D:8)
  Crazy Yiuf (D:3)
  A hound (D:8)
  6 orc wizards
  7 orc priests
  A bullfrog skeleton (D:7)
  Jessica (D:2)
  Natasha (thrice) (D:4)
  4 iguanas
  Terence (D:1)
  6 worker ants
  A hound skeleton (D:5)
  13 adders
  4 gnolls
  2 shadow imps
  An ooze (D:2)
  An adder zombie (D:6)
  An adder skeleton (D:4)
  3 worms
  2 dart slugs
  9 leopard geckos
  26 orcs
  10 giant cockroaches
  11 goblins
  7 hobgoblins
  7 jackals
  14 kobolds
  3 quokkas
  2 ball pythons (D:1)
  6 bats
  3 frilled lizards
  7 rats
  A plant (D:4)
216 creatures vanquished.

Vanquished Creatures (others)
  25 plants (D:8)
25 creatures vanquished.

Grand Total: 241 creatures vanquished

Notes
Turn   | Place    | Note
-------+----------+-------------------------------------------
     0 | D:1      | Gwenloh the Ogre Warper began the quest for the Orb.
     0 | D:1      | Reached XP level 1. HP: 22/22 MP: 3/3
   283 | D:1      | Reached XP level 2. HP: 28/31 MP: 5/5
   353 | D:1      | Learned a level 2 spell: Blink
   356 | D:1      | Learned a level 2 spell: Shroud of Golubria
   435 | D:1      | Found a glowing golden altar of the Shining One.
   725 | D:1      | Reached XP level 3. HP: 35/37 MP: 6/6
  1443 | D:2      | Reached XP level 4. HP: 32/48 MP: 7/7
  1970 | D:2      | Noticed Jessica
  1978 | D:2      | Noticed Terence
  2219 | D:1      | Killed Terence
  2219 | D:1      | Reached XP level 5. HP: 28/54 MP: 4/8
  2378 | D:2      | Killed Jessica
  2479 | D:2      | Learned a level 3 spell: Gell's Gravitas
  2981 | D:3      | Found a runed door.
  3088 | D:3      | Reached XP level 6. HP: 54/63 MP: 10/10
  3197 | D:3      | Noticed Grinder
  3556 | D:3      | Reached skill level 5 in Fighting
  4388 | D:3      | Noticed Crazy Yiuf
  4396 | D:3      | Killed Crazy Yiuf
  4567 | D:4      | Found a stormy altar of Qazlal.
  4591 | D:4      | Became a worshipper of Qazlal Stormbringer
  4605 | D:4      | Reached XP level 7. HP: 57/72 MP: 10/12
  4842 | D:4      | Noticed Edmund
  4854 | D:4      | HP: 1/72 [poisoned by Edmund]
  5291 | D:4      | Noticed Natasha
  5299 | D:4      | Killed Natasha
  5660 | D:4      | Noticed Natasha
  5672 | D:4      | Killed Natasha
  5788 | D:4      | Noticed Natasha
  5796 | D:4      | Killed Natasha
  6064 | D:5      | Entered Level 5 of the Dungeon
  6198 | D:4      | Killed Edmund
  6573 | D:5      | Found an ancient bone altar of Kikubaaqudgha.
  6577 | D:5      | Noticed Blork the orc
  6579 | D:5      | Noticed torrenera's ghost (novice DsFi)
  6586 | D:5      | Killed Blork the orc
  6592 | D:5      | HP: 1/74 [torrenera's ghost (6)]
  7018 | D:5      | Killed Grinder
  7018 | D:5      | Reached skill level 1 in Charms
  7018 | D:5      | Reached XP level 8. HP: 57/83 MP: 14/14
  7209 | D:5      | Killed torrenera's ghost
  7834 | D:6      | Reached skill level 5 in Spellcasting
  7925 | D:6      | Noticed a two-headed ogre
  8302 | D:6      | Reached skill level 5 in Translocations
  8313 | D:6      | Reached skill level 5 in Throwing
  8319 | D:6      | Reached skill level 5 in Maces & Flails
  8426 | D:6      | Reached XP level 9. HP: 61/89 MP: 17/17
  8827 | D:6      | Killed a two-headed ogre
  8835 | D:6      | Reached * piety under Qazlal
  9311 | D:7      | Reached skill level 1 in Invocations
 10313 | D:7      | Reached XP level 10. HP: 98/98 MP: 17/20
 10921 | D:7      | Found a staircase to the Ecumenical Temple.
 11453 | D:8      | Noticed Erica
 11476 | D:8      | Killed Erica
 11484 | D:8      | Reached ** piety under Qazlal
 11840 | D:8      | Found a sacrificial altar of Ru.
 12653 | D:7      | HP: 3/98 [killer bee (6)]
 12653 | D:7      | Slain by a killer bee

Vault maps used:
D:1:      minmay_arrival_doors, tso_metal_star
D:2:      uniq_terence, uniq_jessica
D:3:      serial_forest, infiniplex_forest_clump_medium,
          infiniplex_forest_lined_corner, infiniplex_forest_end_double,
          infiniplex_forest_lined_2, infiniplex_forest_straight_5,
          infiniplex_forest_straight_2, infiniplex_forest_straight_1,
          uniq_grinder, uniq_crazy_yiuf_cottage
D:4:      wad_woods_pond, first_bread, grunt_qazlal_sundering, uniq_edmund,
          uniq_natasha
D:5:      cheibrodos_quashed, lemuel_doored_altar, uniq_blork_the_orc
D:7:      minmay_temple_entry_overgrown, grunt_livestock
D:8:      nicolae_ru_sacrificial_ziggurat, serial_bayou, serial_bayou_lagoon_b,
          serial_bayou_shore_b, serial_bayou_pond_b, serial_bayou_shore_b,
          item_on_display_b, uniq_erica

Skill      XL: |  1  2  3  4  5  6  7  8  9 10 |
---------------+-------------------------------+-----
Fighting       | 3 4 5 |  5.8
Maces & Flails | 2 3 4 5 6 |  6.9
Throwing       | 2 3 4 5 6 7 |  7.4
Translocations | 3 4 5 6 7 |  7.0
Spellcasting   | 3 4 5 6 7 |  7.9
Charms         | 1 2 3 |  3.4
Invocations    | 2 4 |  4.7
Dodging        | |  2.1

Action                   |  1- 3 |  4- 6 |  7- 9 | 10-12 || total
-------------------------+-------+-------+-------+-------++-------
Melee: Mace              |   112 |       |       |       ||   112
       Whip              |     6 |   221 |    83 |       ||   310
       Dire flail        |       |       |   207 |   207 ||   414
       Giant spiked club |       |       |       |     9 ||     9
Throw: Large rock        |       |       |     5 |     4 ||     9
       Tomahawk          |       |       |     4 |       ||     4
 Cast: Shroud of Golubri |     3 |     6 |    11 |    11 ||    31
       Blink             |       |     2 |    10 |       ||    12
  Use: Scroll            |       |     3 |       |       ||     3
       Potion            |       |       |     2 |     2 ||     4
  Eat: Chunk             |     2 |    10 |    13 |     5 ||    30
       Fruit             |       |       |     3 |       ||     3
       Royal jelly       |       |       |     2 |     1 ||     3
Armor: Robe              |    31 |    74 |    50 |    65 ||   220
Dodge: Dodged            |    82 |   129 |    97 |   124 ||   432
Block: Other             |       |       |     4 |    25 ||    29

Table legend:
 A = Spawn XP
 B = Non-spawn XP
 C = Spawn XP percentage of total XP
 D = Spawn monster count
 E = Non-spawn monster count
 F = Spawn count percentage of total count
 G = Total turns spent on level
                    A         B        C        D         E        F      G
               +---------+---------+-------+---------+---------+-------+---------
         Total |       0 |    8782 |   0.0 |       0 |     215 |   0.0 | 12653
               +---------+---------+-------+---------+---------+-------+---------
           D:1 |       0 |     111 |   0.0 |       0 |      36 |   0.0 |  1761
           D:2 |       0 |     125 |   0.0 |       0 |      20 |   0.0 |   938
           D:3 |       0 |     319 |   0.0 |       0 |      31 |   0.0 |  2158
           D:4 |       0 |     474 |   0.0 |       0 |      12 |   0.0 |  2048
           D:5 |       0 |     839 |   0.0 |       0 |       9 |   0.0 |  1007
           D:6 |       0 |    1540 |   0.0 |       0 |      23 |   0.0 |  1064
           D:7 |       0 |    2783 |   0.0 |       0 |      43 |   0.0 |  2636
           D:8 |       0 |    2591 |   0.0 |       0 |      41 |   0.0 |  1041
               +---------+---------+-------+---------+---------+-------+---------
